 Dungeon Crawl Stone Soup version 0.25-a0-804-g50c693f418 (webtiles) character file.

Game seed: 11332126662226140180, levelgen mode: deterministic

495 Esekla the Gusty (level 7, -4/37 HPs)
             Began as a Tengu Venom Mage on Apr 19, 2020.
             Slain by an ice beast (12 damage)
             ... on level 5 of the Dungeon.
             The game lasted 00:38:23 (3787 turns).

Esekla the Gusty (Tengu Venom Mage)                 Turns: 3787, Time: 00:38:24

Health: -4/37      AC:  5    Str:  8    XL:     7   Next: 15%
Magic:  13/13      EV: 13    Int: 17    God:
Gold:   210        SH:  0    Dex: 15    Spells: 4/13 levels left

rFire    . . .     SeeInvis .   g - +1 short sword
rCold    . . .     Gourm    .   (no shield)
rNeg     . . .     Faith    .   e - +0 leather armour
rPois    .         Spirit   .   (helmet restricted)
rElec    .         Reflect  .   i - +1 cloak
rCorr    .         Harm     .   (no gloves)
MR       .....                  (boots unavailable)
Stlth    ++........             o - amulet of the acrobat
HPRegen  0.12/turn              (no ring)
MPRegen  0.13/turn              (no ring)

@: no status effects
A: beak, talons 3, able to fly
a: Fly


You were on level 5 of the Dungeon.
You were near starving.

You visited 1 branch of the dungeon, and saw 5 of its levels.

You collected 210 gold pieces.

Inventory:

Hand Weapons
 g - a +1 short sword (weapon)
Missiles
 b - 21 poisoned darts (quivered)
Armour
 e - a +0 leather armour (worn)
 i - a +1 cloak (worn)
Jewellery
 d - an uncursed ring of teleportation
 o - an amulet of the acrobat (around neck)
Wands
 j - a wand of acid (4)
 q - a wand of digging (6)
 t - a wand of flame (20)
Scrolls
 a - a scroll of enchant weapon
 k - a scroll of fog
 p - 2 scrolls of teleportation
Potions
 f - a potion of curing
 h - a potion of cancellation {unknown}
 l - a potion of berserk rage {unknown}
 m - 4 potions of brilliance
 r - a potion of haste {unknown}
 s - a potion of mutation
Comestibles
 c - a ration


   Skills:
 + Level 0.7 Fighting
 + Level 2.0 Short Blades
 * Level 2.2 Armour
 * Level 3.7 Dodging
 - Level 2.0 Stealth
 + Level 3.9 Spellcasting
 * Level 2.9 Conjurations
 + Level 0.7 Transmutations
 * Level 0.3 Fire Magic
 + Level 4.3 Air Magic
 + Level 3.0 Poison Magic


You had 4 spell levels left.
You knew the following spells:

 Your Spells              Type           Power        Failure   Level  Hunger
a - Sting                 Tmut/Pois      #...         11%         1    None
b - Ignite Poison         Fire/Tmut/Pois #.......     36%         3    ###....
c - Mephitic Cloud        Conj/Pois/Air  ###.....     16%         3    ###....
v - Poisonous Vapours     Pois/Air       ###...       8%          2    ##.....

Your spell library contained the following spells:

 Spells                   Type           Power        Failure   Level  Hunger
 Olgreb's Toxic Radiance  Pois           ##......     54%         4    ####...


Dungeon Overview and Level Annotations

Branches:
Dungeon (5/15)
 Temple: D:4-7

Altars:
Ru
Uskayaw

Annotations:
D:3 1 runed translucent door, Crazy Yiuf
D:4 Blork the orc


Innate Abilities, Weirdness & Mutations

You have a beak for a mouth.
You have claws for feet.
You can fly continuously.


Message History

The ice beast is moderately wounded.
The ice beast completely misses you.
You barely miss the ice beast. Your peck misses the ice beast.
The ice beast is moderately wounded.
The ice beast hits you but does no damage.
You hit the ice beast.
The ice beast is moderately wounded.
The ice beast hits you but does no damage.
You hit the ice beast. You claw the ice beast. You peck the ice beast.
The ice beast is severely wounded.
The ice beast hits you. The ice beast freezes you!
* * * LOW HITPOINT WARNING * * *
Okay, then.
You hit the ice beast.
You peck the ice beast, but do no damage.
The ice beast is severely wounded.
The ice beast hits you.
* * * LOW HITPOINT WARNING * * *
The ice beast freezes you!
You die...

#.#.# ####.# # #.#.#
#....# #.###.#.#
#.####
......######.#######
#..................
#..########.######.
#.....Z# #.#
#.#.###Y####.#
#.###. #.@....# ## #
######.# ##8## #.#
##8...8 #.#
####..... #.#
#.#_..... #.####
#.##..... #....#
##Z##8...8
#.###.##.# .#.# #8##
#.....##.#


You could see an ice beast and a bullfrog skeleton.

Vanquished Creatures
  A scorpion (D:5)
  5 killer bees (D:3)
  An orc wizard (D:3)
  Ijyb (D:3)
  A worker ant zombie (D:5)
  7 adders
  A shadow imp (D:5)
  An ooze (D:2)
  2 worms (D:2)
  A dart slug (D:3)
  4 leopard geckos
  6 orcs
  2 ball pythons
  5 bats
  5 giant cockroaches
  10 goblins
  8 hobgoblins
  2 quokkas (D:2)
  3 frilled lizards
  7 kobolds
  9 rats
82 creatures vanquished.

Notes
Turn   | Place    | Note
-------+----------+-------------------------------------------
     0 | D:1      | Esekla the Tengu Venom Mage began the quest for the Orb.
     0 | D:1      | Reached XP level 1. HP: 10/10 MP: 4/4
   313 | D:1      | Reached XP level 2. HP: 5/16 MP: 3/6
   317 | D:1      | Learned a level 2 spell: Poisonous Vapours
  1029 | D:2      | Reached skill level 1 in Armour
  1037 | D:2      | Reached XP level 3. HP: 20/20 MP: 4/7
  1042 | D:2      | Learned a level 3 spell: Mephitic Cloud
  1118 | D:2      | Reached skill level 1 in Air Magic
  1130 | D:2      | Reached skill level 1 in Short Blades
  1290 | D:2      | Reached skill level 1 in Conjurations
  1290 | D:2      | Reached XP level 4. HP: 24/24 MP: 1/8
  2094 | D:3      | Reached skill level 2 in Air Magic
  2125 | D:3      | Gained mutation: You can fly continuously. [Tengu growth]
  2125 | D:3      | Reached XP level 5. HP: 26/28 MP: 0/9
  2129 | D:3      | Reached skill level 3 in Air Magic
  2129 | D:3      | Reached XP level 6. HP: 32/33 MP: 1/11
  2216 | D:3      | Learned a level 3 spell: Ignite Poison
  2519 | D:3      | Noticed Ijyb
  2684 | D:2      | Found a faded altar of an unknown god.
  2951 | D:3      | Found a runed translucent door.
  2952 | D:3      | Noticed Crazy Yiuf
  3138 | D:3      | Killed Ijyb
  3138 | D:3      | Reached skill level 4 in Air Magic
  3415 | D:4      | Noticed Blork the orc
  3502 | D:5      | Entered Level 5 of the Dungeon
  3502 | D:5      | Found a hide-covered altar of Uskayaw.
  3502 | D:5      | Noticed a +0 dagger
  3546 | D:5      | Reached XP level 7. HP: 28/37 MP: 13/13
  3621 | D:5      | Found a sacrificial altar of Ru.
  3787 | D:5      | Slain by an ice beast

Levels and vault maps discovered:
D:1:      eino_arrival_druids_welcome, layout_basic
D:2:      layout_rooms, chequers_ecumenical_altar_twisty
D:3:      layout_basic, grunt_ministairs_1, uniq_ijyb, uniq_crazy_yiuf_cottage
D:4:      layout_loops_cross, overflow_temple_1_default,
          grunt_gozag_breadcrumbs, first_ration, uniq_sigmund,
          uniq_blork_the_orc
D:5:      layout_loops_ring, nicolae_overflow_hidden_temple, fedhas_altar_1,
          dancing_weapons_uskayaw, kennysheep_nondescript, minmay_quadrilaterals

Skill      XL: |  1  2  3  4  5  6 |
---------------+-------------------+-----
Armour         | 1 2 |  2.2
Air Magic      | 1 2 3 4 |  4.3
Short Blades   | 1 2 |  2.0
Conjurations   | 1 2 |  2.9
Dodging        | 3 |  3.7
Spellcasting   | 3 |  3.9
Fighting       | |  0.7
Stealth        | |  2.0
Transmutations | |  0.7
Fire Magic     | |  0.3
Poison Magic   | |  3.0

Action                   |  1- 3 |  4- 6 |  7- 9 || total
-------------------------+-------+-------+-------++-------
Melee: Whip              |     5 |       |       ||     5
       Peck              |     3 |     2 |     2 ||     7
       Kick              |     8 |    14 |     7 ||    29
       Unarmed           |     1 |       |       ||     1
       Short sword       |    24 |    43 |    16 ||    83
       Spear             |       |     2 |       ||     2
Throw: Dart              |     1 |     1 |       ||     2
 Cast: Sting             |     4 |       |       ||     4
       Poisonous Vapours |    19 |    52 |     5 ||    76
       Mephitic Cloud    |       |     1 |       ||     1
  Use: Scroll            |       |     8 |     3 ||    11
 Stab: Confused          |       |     1 |       ||     1
  Eat: Chunk             |     2 |    10 |       ||    12
Armor: Leather armour    |    11 |    23 |     4 ||    38
Dodge: Dodged            |    27 |    70 |     5 ||   102

Table legend:
 A = Non-vault XP
 B = Vault XP
 C = Vault XP percentage of total XP
 D = Non-vault monster count
 E = Vault monster count
 F = Vault count percentage of total count
                 A         B        C        D         E       F
            +---------+---------+-------+---------+---------+-------
      Total |     643 |      65 |   9.2 |      78 |       4 |   4.9
            +---------+---------+-------+---------+---------+-------
        D:1 |      31 |       0 |   0.0 |      17 |       0 |   0.0
        D:2 |      93 |       0 |   0.0 |      28 |       0 |   0.0
        D:3 |     449 |      38 |   7.8 |      31 |       2 |   6.1
        D:5 |      70 |      27 |  27.8 |       2 |       2 |  50.0
            +---------+---------+-------+---------+---------+-------
